[ PARTIDA AOE2 · #504940353 ]
UnrankedJaponeses vs Slavs
Equipo del jugador · VICT
Equipo rival · DERR
[ ANÁLISIS DE REPETICIÓN · EXTRAÍDO DE LA PARTIDA GRABADA ]
Feudal
18:09
Castillos
23:14
Imperial
—
| APM promedio | 28.1 |
| APM pico | 43 |
| eAPM promedio | 16.0 |
| Aldeanos / militares | 42 / 22 |
Foco
⚔️ 25.4% · 🌾 74.6%
Militia ×21 · Cavalry Archer ×1
Feudal
12:09
Castillos
—
Imperial
—
| APM promedio | 22.8 |
| APM pico | 49 |
| eAPM promedio | 10.2 |
| Aldeanos / militares | 38 / 11 |
Foco
⚔️ 24.3% · 🌾 75.7%
Archer ×11
Mapa de la partida
Recursos iniciales + cada clic de construcción. Líneas = muros · curvas = relieve. ◆ oro · ⬟ piedra · ● bayas · ✦ reliquia · ◌ hueco del cierre
Tu base· ✓ Cerrada en 23:14 · 22t muro · 1 puerta(s)
Base de Nwalme583· ✓ Cerrada en 12:00 · 3t muro · sin puerta
Terreno inicial suavizado · ◌ = hueco del cierre detectado · pasá el cursor para detalles
Inputs por minuto
— Banana Latte - - Nwalme583
Build order — Banana Latte
116 acciones detectadas en el replay
| 0:01 | Crear | Villager (Male) ×4 |
| 0:04 | Construir | House |
| 0:06 | Construir | House |
| 1:31 | Crear | Villager (Male) |
| 2:09 | Crear | Villager (Male) |
| 2:17 | Crear | Villager (Male) |
| 3:11 | Crear | Villager (Male) |
| 3:11 | Crear | Villager (Male) |
| 3:16 | Construir | Barracks |
| 3:46 | Construir | House |
| 3:57 | Crear | Villager (Male) |
| 4:20 | Crear | Militia |
| 4:28 | Crear | Villager (Male) |
| 4:57 | Crear | Villager (Male) |
| 5:15 | Crear | Militia |
| 5:23 | Crear | Militia |
| 5:28 | Construir | House |
| 5:30 | Crear | Villager (Male) |
| 5:53 | Crear | Villager (Male) |
| 5:58 | Construir | House |
| 6:11 | Crear | Villager (Male) |
| 6:28 | Crear | Militia |
| 6:29 | Crear | Militia |
| 6:40 | Crear | Villager (Male) |
| 6:44 | Crear | Villager (Male) |
| 6:48 | Crear | Militia |
| 7:01 | Crear | Villager (Male) |
| 7:38 | Crear | Villager (Male) |
| 7:49 | Crear | Militia |
| 7:52 | Construir | House |
| 7:57 | Construir | Lumber Camp |
| 7:59 | Crear | Villager (Male) |
| 8:12 | Construir | House |
| 8:18 | Crear | Villager (Male) |
| 8:41 | Crear | Villager (Male) |
| 9:02 | Construir | Mill |
| 9:08 | Crear | Villager (Male) |
| 9:27 | Crear | Villager (Male) |
| 9:32 | Construir | Mill |
| 9:41 | Construir | Mining Camp |
| 9:45 | Construir | Farm |
| 9:55 | Crear | Militia |
| 9:55 | Crear | Militia |
| 10:05 | Crear | Villager (Male) |
| 10:10 | Construir | Farm |
| 10:24 | Construir | House |
| 10:28 | Crear | Villager (Male) |
| 10:51 | Crear | Villager (Male) |
| 10:54 | Crear | Militia |
| 11:05 | Construir | Farm |
| 11:20 | Crear | Villager (Male) |
| 11:30 | Crear | Villager (Male) |
| 11:32 | Construir | Farm |
| 11:43 | Crear | Militia |
| 11:44 | Crear | Militia |
| 11:44 | Crear | Militia |
| 11:44 | Crear | Militia |
| 11:58 | Construir | House |
| 11:59 | Construir | House |
| 12:02 | Crear | Villager (Male) |
| 12:24 | Construir | Farm |
| 12:37 | Crear | Villager (Male) |
| 12:49 | Crear | Militia |
| 12:52 | Crear | Villager (Male) |
| 13:17 | Crear | Villager (Male) |
| 13:19 | Construir | Farm |
| 13:26 | Construir | House |
| 13:41 | Construir | Farm |
| 13:43 | Crear | Villager (Male) |
| 13:48 | Crear | Militia |
| 13:49 | Crear | Militia |
| 14:02 | Crear | Villager (Male) |
| 14:03 | Construir | Farm |
| 14:06 | Construir | House |
| 14:19 | Construir | Palisade Wall |
| 14:24 | Crear | Villager (Male) |
| 14:26 | Construir | Farm |
| 14:28 | Construir | Farm |
| 14:39 | Construir | Palisade Gate |
| 15:01 | Construir | Farm |
| 15:03 | Construir | Farm |
| 15:05 | Crear | Villager (Male) |
| 15:21 | Construir | Farm |
| 15:24 | Crear | Villager (Male) |
| 15:58 | Investigar | Feudal Age |
| 16:02 | Construir | Mining Camp |
| 16:48 | Construir | Mining Camp |
| 17:06 | Crear | Militia |
| 17:06 | Crear | Militia |
| 17:09 | Crear | Militia |
| 17:09 | Crear | Militia |
| 18:09 | Edad | Edad Feudal |
| 18:22 | Construir | Watch Tower |
| 18:31 | Construir | Stone Wall |
| 18:58 | Construir | Watch Tower |
| 19:00 | Crear | Villager (Male) |
| 19:03 | Construir | Blacksmith |
| 19:07 | Construir | Market |
| 19:14 | Investigar | Double-Bit Axe |
| 19:17 | Investigar | Loom |
| 19:20 | Investigar | Horse Collar |
| 20:09 | Crear | Villager (Male) |
| 20:22 | Investigar | Castle Age |
| 20:33 | Construir | Lumber Camp |
| 20:38 | Construir | Mining Camp |
| 20:48 | Investigar | Fletching |
| 21:13 | Investigar | Man-at-Arms (upgrade) |
| 22:22 | Construir | Archery Range |
| 22:29 | Construir | Archery Range |
| 22:37 | Investigar | Padded Archer Armor |
| 23:14 | Edad | Edad de los Castillos |
| 23:20 | Construir | Castle |
| 23:25 | Investigar | Bow Saw |
| 23:26 | Crear | Villager (Male) |
| 23:27 | Crear | Villager (Male) |
| 23:30 | Crear | Cavalry Archer |
Build order — Nwalme583
95 acciones detectadas en el replay
| 0:00 | Investigar | Loom |
| 0:01 | Crear | Villager (Male) |
| 0:01 | Crear | Villager (Male) |
| 0:01 | Crear | Villager (Male) |
| 0:01 | Crear | Villager (Male) |
| 0:01 | Crear | Villager (Male) |
| 0:01 | Crear | Villager (Male) |
| 0:14 | Construir | House |
| 2:11 | Construir | House |
| 2:14 | Construir | House |
| 2:26 | Construir | House |
| 2:31 | Construir | Palisade Wall |
| 2:54 | Crear | Villager (Male) |
| 2:55 | Crear | Villager (Male) |
| 2:55 | Crear | Villager (Male) |
| 3:33 | Crear | Villager (Male) |
| 3:54 | Construir | Lumber Camp |
| 4:03 | Crear | Villager (Male) |
| 4:04 | Crear | Villager (Male) |
| 4:29 | Crear | Villager (Male) |
| 4:54 | Crear | Villager (Male) |
| 5:42 | Construir | House |
| 6:01 | Crear | Villager (Male) |
| 6:20 | Construir | House |
| 6:33 | Crear | Villager (Male) |
| 6:33 | Crear | Villager (Male) |
| 7:14 | Crear | Villager (Male) |
| 7:14 | Crear | Villager (Male) |
| 7:14 | Crear | Villager (Male) |
| 7:36 | Construir | House |
| 7:39 | Construir | House |
| 7:57 | Construir | House |
| 8:06 | Crear | Villager (Male) |
| 8:06 | Crear | Villager (Male) |
| 8:11 | Construir | Mill |
| 8:38 | Construir | House |
| 8:57 | Crear | Villager (Male) |
| 9:59 | Investigar | Feudal Age |
| 10:29 | Construir | Palisade Wall |
| 10:33 | Construir | Palisade Wall |
| 11:09 | Crear | Villager (Male) |
| 11:09 | Crear | Villager (Male) |
| 11:10 | Crear | Villager (Male) |
| 11:56 | Construir | Lumber Camp |
| 12:09 | Edad | Edad Feudal |
| 13:09 | Construir | House |
| 13:34 | Construir | Barracks |
| 14:30 | Construir | Archery Range |
| 15:27 | Crear | Archer |
| 15:28 | Crear | Archer |
| 16:04 | Investigar | Double-Bit Axe |
| 16:23 | Crear | Archer |
| 16:35 | Construir | Mining Camp |
| 16:41 | Crear | Archer |
| 17:10 | Construir | Blacksmith |
| 17:45 | Crear | Archer |
| 17:45 | Crear | Archer |
| 18:02 | Crear | Villager (Male) |
| 18:03 | Crear | Villager (Male) |
| 18:07 | Construir | House |
| 18:08 | Construir | House |
| 18:09 | Construir | House |
| 18:21 | Investigar | Gold Mining |
| 18:25 | Crear | Archer |
| 18:25 | Crear | Archer |
| 18:57 | Investigar | Fletching |
| 19:11 | Construir | House |
| 19:11 | Construir | House |
| 19:12 | Construir | House |
| 19:16 | Crear | Villager (Male) |
| 19:16 | Crear | Villager (Male) |
| 19:16 | Crear | Villager (Male) |
| 20:00 | Construir | Watch Tower |
| 20:04 | Crear | Villager (Male) |
| 20:05 | Crear | Villager (Male) |
| 20:11 | Crear | Archer |
| 20:11 | Crear | Archer |
| 20:11 | Crear | Archer |
| 20:37 | Construir | Farm |
| 21:01 | Construir | Farm |
| 21:03 | Construir | Farm |
| 21:03 | Construir | Farm |
| 21:21 | Construir | Farm |
| 21:34 | Construir | Farm |
| 21:36 | Construir | Farm |
| 21:38 | Construir | Farm |
| 21:40 | Crear | Villager (Male) |
| 21:40 | Crear | Villager (Male) |
| 22:15 | Construir | Farm |
| 22:17 | Crear | Villager (Male) |
| 22:25 | Construir | Farm |
| 22:47 | Crear | Villager (Male) |
| 22:48 | Crear | Villager (Male) |
| 23:09 | Construir | Lumber Camp |
| 23:14 | Construir | Market |
Cronología de la partida
| 2:31 | Nwalme583 · wall_segment Palisade Wall x1 |
| 3:16 | Banana Latte · first_building Barracks |
| 10:29 | Nwalme583 · wall_segment Palisade Wall x1 |
| 10:33 | Nwalme583 · wall_segment Palisade Wall x1 |
| 12:09 | Nwalme583 · age_up feudal |
| 13:34 | Nwalme583 · first_building Barracks |
| 14:19 | Banana Latte · wall_segment Palisade Wall x10 |
| 14:30 | Nwalme583 · first_building Archery Range |
| 18:09 | Banana Latte · age_up feudal |
| 18:31 | Banana Latte · wall_segment Stone Wall x12 |
| 22:22 | Banana Latte · first_building Archery Range |
| 23:08 | Banana Latte · first_market_buy 100 stone |
| 23:14 | Banana Latte · age_up castle |
| 23:20 | Banana Latte · first_building Castle |
| 23:32 | Nwalme583 · resign |
[ ANÁLISIS IA · 1 CRÉDITO ]
¿Qué pasó realmente en esta partida?
Wolo.gg analiza cada decisión: build order, eco, micro, errores típicos por bracket. Análisis personalizado por WhatsApp o Discord en 30 segundos.
Guía civ
Japoneses
Perfil
Jugador #554857